Map: Romanticide LE

Players

NumOneTossFn - Winner!

  • Race: Zerg Zerg
  • League: Gold

tossdeeznuts

  • Race: Protoss Protoss
  • League: Diamond

VOD

Have the link to the VOD?

Description

Time

  • Played on: June 29, 2021, 3:05 p.m.
  • Length: 6:26
Show
View Real Time Build Order
Export as new Build Order

NumOneTossFn Zerg - Winner!

Build Orders: Hatch First 

Get SALT Encoding   

  12  0:02  Drone  
  13  0:12  Overlord  
  13  0:16  Drone  
  14  0:31  Drone x2  
  16  0:50  Hatchery  
  16  0:53  Drone  
  16  0:57  Drone  
  16  1:00  Drone  
  18  1:12  Extractor  
  18  1:17  Spawning Pool  
  16  1:19  Drone  
  16  1:23  Drone  
  18  1:28  Drone  
  19  1:40  Drone  
  20  1:54  Drone  
  20  2:01  Overlord  
  21  2:03  Queen x2  
  21  2:05  Drone  
  26  2:12  Drone  
  26  2:14  Drone  
  28  2:24  Drone x2  
  30  2:33  Drone  
  30  2:34  Drone  
  32  2:44  Lair, Evolution Chamber  
  32  2:45  Drone x2  
  33  2:56  Drone x2  
  35  3:00  Roach Warren  
  35  3:05  Overlord  
  34  3:06  Overlord  
  34  3:10  Zerg Missile Weapons Level 1  
  34  3:13  Drone  
  34  3:14  Drone  
  36  3:24  Drone  
  36  3:25  Drone x4  
  41  3:29  Drone  
  41  3:32  Extractor  
  41  3:33  Drone, Extractor  
  41  3:39  Drone  
  41  3:40  Glial Reconstitution  
  42  3:42  Drone  
  42  3:44  Drone x3  
  46  3:49  Overlord  
  46  3:54  Overlord  
  46  3:55  Overlord  
  46  4:02  Roach x2  
  50  4:04  Overlord  
  50  4:08  Extractor, Roach  
  51  4:15  Roach  
  53  4:18  Drone  
  53  4:19  Drone x2  
  53  4:21  Roach  
  58  4:24  Roach  
  58  4:25  Roach x2  
  58  4:29  Roach  
  66  4:32  Roach  
  66  4:38  Roach  
  70  4:41  Overlord  
  70  4:49  Overlord  
  70  4:51  Roach  
  70  4:52  Roach x2  
  76  4:54  Overlord  
  76  4:57  Hatchery  
  75  5:00  Ravager  
  75  5:01  Ravager x2  
  75  5:03  Ravager  
  79  5:09  Roach x2  
  83  5:21  Roach x6  
  91  5:28  Roach  
  91  5:29  Roach x2  
  91  5:34  Roach  
  99  5:37  Overlord x3  
  99  5:43  Ravager  
Show
View Real Time Build Order
Export as new Build Order

tossdeeznuts Protoss 

Build Orders: 1 Gate Expand 

Get SALT Encoding   

  12  0:01  Probe  
  13  0:13  Probe  
  14  0:23  Pylon  
  14  0:25  Probe  
  15  0:41  Probe, Gateway  
  16  0:53  Probe  
  17  1:05  Probe  
  18  1:18  Assimilator  
  18  1:19  Probe  
  18  1:25  Nexus  
  19  1:33  Cybernetics Core  
  19  1:36  Probe  
  20  1:46  Pylon  
  20  1:48  Probe  
  20  1:51  Assimilator  
  21  2:04  Probe  
  22  2:11  Zealot, Gateway  
  22  2:14  Warp Gate  
  24  2:22  Shield Battery  
  24  2:26  Probe  
  25  2:37  Probe (Chrono Boost)  
  26  2:38  Probe (Chrono Boost)  
  26  2:42  Sentry  
  29  2:49  Probe (Chrono Boost)  
  29  2:50  Probe (Chrono Boost)  
  31  2:58  Probe x2 (Chrono Boost)  
  33  3:01  Stalker  
  33  3:03  Probe  
  33  3:04  Probe  
  37  3:13  Pylon  
  37  3:17  Probe x2  
  37  3:19  Pylon  
  39  3:27  Stalker  
  39  3:29  Probe x2  
  43  3:42  Robotics Facility  
  43  3:44  Stalker  
  45  3:51  Probe  
  45  3:52  Probe  
  47  3:57  Pylon  
  47  4:17  Stalker  
  49  4:23  Probe  
  49  4:24  Probe  
  51  4:35  Probe  
  51  4:36  Stalker  
  51  4:37  Immortal (Chrono Boost)  
  54  4:42  Stalker  
  54  4:44  Probe  
  61  4:51  Assimilator  
  61  4:56  Probe  
  61  4:59  Gateway  
  62  5:01  Gateway  
  62  5:02  Twilight Council  
  62  5:03  Probe, Pylon  
  62  5:04  Pylon  
  62  5:06  Pylon  
  63  5:08  Probe, Assimilator  
  63  5:10  Stalker x2  
  68  5:15  Probe  
  65  5:35  Stalker  
  65  5:36  Stalker  
  65  5:41  Observer  
  70  5:51  Pylon  
  70  6:02  Stalker  
  70  6:03  Stalker x3  
Tags
 
Add a new tag
Caveats
  • Supply blocks, unpowered buildings, or Contaminate may cause inaccurate times.
  • Supply counts are checked every 10 seconds.